AoeStats
← noob

African Clearing

504063213Analyzed
4v4 RM · 29d ago on Sep 3, 2026· 36m 50s· 8 players
Game mode
Random Map
Map size
Large (8 player)
Population
200
Speed
Normal
Resources
Standard
Victory
Conquest
Starting age
Dark Age
Ending age
Imperial Age
RankedLock teamsTeams togetherTeam positionsShared explorationLock speedFull tech treeHidden civsTurbo modeCheats
Victory
Defeat
🇳🇱 Mongols · Netherlands
1355
+18
1312
+20
🇨🇳 Magyars · China
1274
+21
🇮🇹 Ethiopians · Italy
1271
+22
🇩🇪 Spanish · Germany
1412
-21
🇩🇪 Bulgarians · Germany
1399
-20
🇦🇷 Vietnamese · Argentina
1399
-20
🇩🇪 Vikings · Germany
1398
-20
タタールが村に入った
4:17 Loom
13:02 Feudal Age
16:36 Scale Barding Armor
16:42 Forging
24:48 Castle Age
22:42 Fletching
25:27 Bodkin Arrow
26:51 Light Cavalry
30:24 Husbandry
30:46 Double-Bit Axe
33:39 Bloodlines
33:56 Padded Archer Armor
time0wner
5:49 Loom
13:55 Feudal Age
14:53 Double-Bit Axe
16:37 Padded Archer Armor
16:54 Forging
17:05 Fletching
29:06 Castle Age
29:16 Crossbowman
30:03 Thumb Ring
30:25 Bodkin Arrow
31:24 Leather Archer Armor
32:32 Ballistics
37:36 Imperial Age
36:30 Gold Mining
布吉岛
4:58 Loom
8:09 Loom
11:57 Feudal Age
14:59 Double-Bit Axe
14:56 Horse Collar
21:31 Castle Age
21:55 Wheelbarrow
23:08 Bloodlines
22:59 Husbandry
23:09 Scale Barding Armor
23:20 Town Watch
28:15 Bow Saw
28:08 Heavy Plow
31:47 Hand Cart
31:25 Gold Mining
32:17 Chain Barding Armor
33:14 Man-at-Arms
36:54 Imperial Age
DonkeyShot
9:39 Loom
11:36 Loom
14:49 Feudal Age
15:39 Double-Bit Axe
15:40 Horse Collar
18:46 Castle Age
20:00 Bow Saw
19:51 Heavy Plow
22:28 Fletching
24:34 Wheelbarrow
23:50 Town Watch
26:48 Hand Cart
26:43 Stone Mining
28:09 Bodkin Arrow
28:43 Gold Mining
30:28 Ballistics
30:28 Bloodlines
31:11 Padded Archer Armor
31:15 Husbandry
31:22 Thumb Ring
33:21 Light Cavalry
34:07 Scale Barding Armor
37:37 Imperial Age
36:14 Gold Shaft Mining
36:02 Leather Archer Armor
37:48 Chain Barding Armor
mat.hey
10:01 Loom
13:56 Feudal Age
17:59 Castle Age
16:33 Fishing Lines
16:43 Double-Bit Axe
20:30 Bow Saw
21:06 Gillnets
24:52 Fletching
27:03 Crossbowman
28:19 Bodkin Arrow
30:12 Padded Archer Armor
33:57 Ballistics
33:55 Leather Archer Armor
33:22 Elite Skirmisher
36:04 Gold Mining
36:04 Stone Mining
noob
11:21 Loom
13:23 Feudal Age
17:49 Castle Age
17:05 Gold Mining
19:40 Forging
26:48 Fletching
28:10 Double-Bit Axe
31:39 Husbandry
34:27 Wheelbarrow
39:16 Imperial Age
Alvaro
8:27 Loom
14:48 Feudal Age
15:29 Town Watch
18:24 Castle Age
16:15 Double-Bit Axe
16:56 Horse Collar
17:43 Stone Mining
24:16 Fletching
29:05 Bodkin Arrow
30:46 Ballistics
32:02 Padded Archer Armor
33:36 Leather Archer Armor
Espresso
13:27 Feudal Age
14:18 Double-Bit Axe
16:54 Castle Age
15:23 Stone Mining
16:14 Loom
16:16 Town Watch
17:53 Bow Saw
24:58 Gold Mining
26:08 Horse Collar
33:57 Imperial Age
33:10 Wheelbarrow
33:16 Wheelbarrow
33:14 Padded Archer Armor
34:10 Leather Archer Armor
34:42 Bloodlines
34:32 Husbandry
35:37 Leather Archer Armor
36:05 Fletching
Connection lost

Rejoining the realm…

Still unreachable

The connection could not be restored.

Session expired

The server has moved on; the page needs a fresh start.